 Dungeon Crawl Stone Soup version 0.25-a0-292-gaa31f046c4 (webtiles) character file.

Game seed: 9074725648753915096, levelgen mode: deterministic

29 floatRand the Insei (level 3, 29/29 HPs)
             Began as a Demonspawn Monk on Dec 15, 2019.
             Quit the game on level 1 of the Dungeon.
             The game lasted 00:01:08 (974 turns).

floatRand the Insei (Demonspawn Monk)                Turns: 974, Time: 00:01:09

Health: 29/29      AC: 12    Str: 12    XL:     3   Next: 1%
Magic:  3/3        EV:  6    Int: 11    God:
Gold:   38         SH:  0    Dex: 19    Spells: 2/2 levels left

rFire    . . .     SeeInvis .     - Unarmed
rCold    + . .     Gourm    .   (no shield)
rNeg     . . .     Faith    .   l - +2 chain mail {rC+}
rPois    .         Spirit   .   d - +0 helmet
rElec    .         Reflect  .   (no cloak)
rCorr    .         Harm     .   (no gloves)
MR       +....                  k - +0 pair of boots
Stlth    ..........             (no amulet)
HPRegen  0.09/turn              o - ring of protection from magic
MPRegen  0.08/turn              p - +4 ring of dexterity

@: no status effects
A: talons 1, powered by death 1
a: no special abilities


You were on level 1 of the Dungeon.
You were not hungry.

You visited 1 branch of the dungeon, and saw 2 of its levels.

You collected 38 gold pieces.

Inventory:

Hand Weapons
 i - a cursed +0 hunting sling
 m - a +0 dagger of draining
Armour
 a - a +0 robe
 d - a +0 helmet (worn)
 k - a +0 pair of boots (worn)
 l - a +2 chain mail of cold resistance (worn)
Jewellery
 o - a ring of protection from magic (left hand)
 p - a +4 ring of dexterity (right hand)
Scrolls
 e - 2 scrolls of remove curse {unknown}
 f - a scroll of enchant armour {unknown}
 h - a scroll of fear {unknown}
 s - a scroll of random uselessness {unknown}
Potions
 g - a potion of invisibility {unknown}
 j - 2 potions of curing {unknown}
 n - a potion of degeneration {unknown}
 q - 2 potions of mutation {unknown}
 r - a potion of brilliance {unknown}
Comestibles
 b - 2 rations
 c - 2 chunks of flesh


   Skills:
 - Level 3.0 Fighting
 - Level 2.6 Dodging
 - Level 1.7 Stealth
 + Level 3.8 Unarmed Combat


You had 2 spell levels left.
You didn't know any spells.
Your spell library was empty.

Dungeon Overview and Level Annotations

Branches:
Dungeon (2/15)

Altars:
Elyvilon


Innate Abilities, Weirdness & Mutations

You have sharp toenails.
You regenerate a little health from kills.


Message History

You kill the leopard gecko!
You have reached level 3!
Your experience leads to an increase in your attributes!
Your base attributes are Str 11, Int 11, Dex 15.
Increase (S)trength, (I)ntelligence, or (D)exterity?
You feel stronger.
Your demonic ancestry asserts itself...
Your toenails lengthen and sharpen.
r - a fizzy green potion
s - a scroll labeled GAPPOT LAPIEVVU HP restored.
You see here a dagger.
You open the door.
There is an open door here.
You see here 21 stones.
j - 2 brown potions (gained 1)
A kobold comes into view. It is wielding a +0 club.
The kobold shouts!
You hear an angry hiss.
A kobold is nearby!
A kobold is nearby!
Are you sure you want to abandon this character and quit the game? (Confirm with "yes".)

.............................(>..
...#.#.#.#.......#....#######.##.
.#.#.#.#.#.#.#...#........ ......
.#.#.....#.#.#...#....######.....
.#.#.....#.#.#...................
.#.#.....#.#.....###.######......
.....##..#.###...###.######.#.##.
##...(...........................
...... #......@###.............
...... ......#.# #.............
...... ........# #.######.#.#.#
.... .#....#####.#......#....
.... #. ............##...... .###
# .. #.......######.#.. .. .K.
#......†.......#.. ...
+........####..#..
#......#.##.#..#..


You could see a kobold.

Vanquished Creatures
  A dart slug (D:1)
  A leopard gecko (D:1)
  2 giant cockroaches
  3 goblins (D:2)
  3 hobgoblins
  4 jackals (D:1)
  2 kobolds
  2 quokkas (D:2)
  A ball python (D:2)
  2 frilled lizards (D:1)
  A rat (D:2)
22 creatures vanquished.

Notes
Turn   | Place    | Note
-------+----------+-------------------------------------------
     0 | D:1      | floatRand the Demonspawn Monk began the quest for the Orb.
     0 | D:1      | Reached XP level 1. HP: 18/18 MP: 1/1
   222 | D:1      | Gained mutation: You regenerate a little health from kills.
                  | [demonic ancestry]
   222 | D:1      | Reached XP level 2. HP: 10/24 MP: 2/2
   547 | D:1      | You fall into a shaft and drop 1 floor!
   757 | D:2      | Found a white marble altar of Elyvilon.
   890 | D:1      | Gained mutation: You have sharp toenails. [demonic
                  | ancestry]
   890 | D:1      | Reached XP level 3. HP: 26/29 MP: 3/3
   974 | D:1      | Quit the game

Levels and vault maps discovered:
D:1:      lightli_arrival_statuegarden, layout_basic, kennysheep_doodads
D:2:      layout_basic, nicolae_overflow_crystal_walls

Skill      XL: |  1 |
---------------+----+-----
Unarmed Combat | 3 |  3.8
Fighting       | |  3.0
Dodging        | |  2.6
Stealth        | |  1.7

Action                   || total
-------------------------++-------
Melee: Unarmed           ||   108
       Punch             ||     1
 Stab: Sleeping          ||     1
Armor: Robe              ||    17
       Chain mail        ||     7
Dodge: Dodged            ||    72

Table legend:
 A = Non-vault XP
 B = Vault XP
 C = Vault XP percentage of total XP
 D = Non-vault monster count
 E = Vault monster count
 F = Vault count percentage of total count
                 A         B        C        D         E       F
            +---------+---------+-------+---------+---------+-------
      Total |      42 |       0 |   0.0 |      22 |       0 |   0.0
            +---------+---------+-------+---------+---------+-------
        D:1 |      24 |       0 |   0.0 |      12 |       0 |   0.0
        D:2 |      18 |       0 |   0.0 |      10 |       0 |   0.0
            +---------+---------+-------+---------+---------+-------
